Match 47277649
Unlisted

Match 47277649
End
Panzerpioneer Squad
Panzergrenadier Squad
250 Light Carrier
Construct Light Support Kompanie
MG34 Team
Fire Support Elements
2.5-tonne Medical Truck
le.IG 18 Support Gun Team
Panzergrenadier Squad
Selects Panzerjäger Kommand Battlegroup
Selects Mine Fields
Selects Tank Busters
le.IG 18 Mechanized Group
Panzerjäger Squad
Panzerjäger Squad
Selects Defensive Positions
Construct Panzerarmee Kommand
Panzer III L Medium Tank
Panzergrenadier Squad
Panzerjäger Mechanized Group
Panzerjäger Squad
Veteran Squad Leaders
Selects Crew Shock Tactics
Walking Stuka Rocket Launcher
~TAB~ THUND3RCHUNKY
alloverU LIKEARASH
LuckySpark
Yeknod
0
0

Comments sign in to comment!

No comments posted yet!